Cogmind - Beta 13 @@@ ROGUE MODE // 2024.04.05 @ 21:11:56 Player: Blank Result: Destroyed by D-53 Grenadier with Mini Grenade Launcher Performance ------------- Evolutions (0) 0 Regions Visited (2) 400 Robots Destroyed (3) 15 Value Destroyed (14) 14 Prototype IDs (0) 0 Alien Tech Used (0) 0 Bonus (0) 0 TOTAL SCORE: 429 Bonus ------- None Cogmind --------- Core Integrity 0/250 Matter 290/300 Energy 90/250 System Corruption 0% Temperature Cool (0) Movement Core (200) Ox3 Location -10/Mines Parts ------- > --- POWER (1) -------- Ion Engine > --- PROPULSION (2) --- (None) > --- UTILITY (2) ------ Small Storage Unit > --- WEAPON (2) ------- (None) > --- INVENTORY (8) ---- Wheel Compact Wheel Small Matter Pod (38) Sensor Array Light Assault Rifle Peak State ------------ > --- POWER ------------ Light Ion Engine > --- PROPULSION ------- Light Treads Light Treads > --- UTILITY ---------- Small Storage Unit Seismic Detector > --- WEAPON ----------- Assault Rifle Light Assault Rifle > --- INVENTORY -------- Ion Engine Wheel Compact Wheel Light Assault Rifle [Rating: 7] Favorites ----------- Power Light Ion Engine Engine Light Ion Engine Propulsion Light Treads Treads Light Treads Utility Small Storage Unit Device Seismic Detector Storage Small Storage Unit Weapon Assault Rifle Ballistic Gun Assault Rifle Build | -11 -10 -10 ------- Run | Yrd Mat Min Slots Evolved . | . . . Power . | . . . Propulsion . | . . . Utility . | . . . Weapon . | . . . Parts Attached 8 | 7 . 1 Power 2 | 1 . 1 Engine 2 | 1 . 1 Core . | . . . Reactor . | . . . Propulsion 2 | 2 . . Treads 2 | 2 . . Leg . | . . . Wheel . | . . . Hover . | . . . Flight . | . . . Utility 2 | 2 . . Device 1 | 1 . . Storage 1 | 1 . . Processor . | . . . Hackware . | . . . Protection . | . . . Artifact . | . . . Weapon 2 | 2 . . Energy Gun . | . . . Energy Cannon . | . . . Ballistic Gun 2 | 2 . . Ballistic Cannon . | . . . Launcher . | . . . Special Weapon . | . . . Impact Weapon . | . . . Slashing Weapon . | . . . Piercing Weapon . | . . . Special Melee Weapon . | . . . Unidentified Prototypes . | . . . Parts Lost 6 | . . 6 Power 1 | . . 1 Propulsion 2 | . . 2 Utility 1 | . . 1 Weapon 2 | . . 2 Highest Loss Streak 6 | . . 6 To Critical Strikes . | . . . Average Slot Usage (%) 92 | . 100 61 Engine 12 | . 14 7 Treads 25 | . 28 17 Device 12 | . 14 7 Storage 14 | . 14 14 Ballistic Gun 25 | . 28 14 Naked Turns . | . . . Heaviest Build 12 | 12 12 12 Greatest Support 40 | 40 40 40 Greatest Overweight (x) 1 | . . 1 Average Overweight (x) . | . . . Largest Inventory Capacity 8 | 8 8 8 Average Capacity 7 | 7 8 8 Most Carried 6 | 5 6 6 Average Carried 4 | 3 5 5 Final Capacity 8 | 8 8 8 Final Carried 6 | 5 6 5 Class Distribution -------------------- 100% | Mutant Dominant Class ---------------- Mutant | -10/Materials Mutant | -10/Mines Resources | -11 -10 -10 ----------- Run | Yrd Mat Min Matter Collected 331 | 331 . . Remotely . | . . . Salvage Created 94 | 94 . . Parts 7 | 7 . . Haulers Intercepted . | . . . Recyclers Shooed 2 | 2 . . Parts Field Recycled . | . . . Retrieved Matter . | . . . Parts Self-Destructed . | . . . Prevented . | . . . Kills | -11 -10 -10 ------- Run | Yrd Mat Min Combat Hostiles Destroyed . | . . . Classes Destroyed 3 | 3 . . Worker 1 | 1 . . Tunneler 1 | 1 . . Recycler 1 | 1 . . Best Kill Streak 2 | 2 . . Combat Bots Only . | . . . Max Kills in Single Turn 1 | 1 . . Gunslinging . | . . . Exploded . | . . . Melee . | . . . Uniques/NPCs Destroyed . | . . . Combat | -11 -10 -10 -------- Run | Yrd Mat Min Hostile Shots Fired 20 | . . 20 Missed 1 | . . 1 Damage Taken 840 | . . 840 Core 262 | . . 262 Absorbed by Shields . | . . . Core Remaining (%) 100 | 100 . . Volleys Fired 15 | 13 2 . Largest 2 | 2 2 . Hottest 40 | 40 40 . Shots Fired 30 | 26 4 . Gun 30 | 26 4 . Cannon . | . . . Launcher . | . . . Special . | . . . Kinetic 30 | 26 4 . Thermal . | . . . Explosive . | . . . Electromagnetic . | . . . Robot Hit Streak 4 | 4 1 . Robot Miss Streak 3 | 3 3 . Penetration Max . | . . . Secondary Targets . | . . . Shots Hit Robots 15 | 14 1 . Core Hits 5 | 4 1 . Critical Kills 2 | 2 . . Critical Parts Destroyed . | . . . Critical Strikes 2 | 2 . . Destroy 2 | 2 . . Melee Attacks . | . . . Impact . | . . . Slashing . | . . . Piercing . | . . . Sneak Attacks . | . . . Combat Hostiles . | . . . Follow-up Attacks . | . . . Damage Inflicted 165 | 146 19 . Guns 156 | 146 10 . Cannons . | . . . Explosions . | . . . Melee . | . . . Ramming 9 | . 9 . Kinetic 156 | 146 10 . Thermal . | . . . Explosive . | . . . Electromagnetic . | . . . Impact . | . . . Slashing . | . . . Piercing . | . . . Highest Corruption . | . . . Average Corruption . | . . . Corruption Purged . | . . . Corruption Blocked . | . . . Overload Shots . | . . . Overflow Damage . | . . . Projectiles . | . . . Explosions . | . . . Melee . | . . . Knockbacks . | . . . Impact . | . . . Kinetic . | . . . Secondary . | . . . Self-Inflicted Damage . | . . . Shots . | . . . Rammed 2 | . 2 . Targets Rammed 2 | . 2 . Kicked . | . . . Crushed . | . . . Highest Temperature . | . . . Average Temperature . | . . . Received Heat Transfer . | . . . Siege Activations . | . . . Robots Corrupted . | . . . Combat Hostiles . | . . . Parts Fried . | . . . Impact Corruptions . | . . . Robots Melted . | . . . Combat Hostiles . | . . . Parts Melted . | . . . Heat Transferred . | . . . Parts Sabotaged . | . . . Parts Stolen . | . . . Parts Stripped . | . . . Power Chain Reactions . | . . . Alert | -11 -10 -10 ------- Run | Yrd Mat Min Peak Influence 79 | 15 79 30 Initial 30 | . 9 30 Average 25 | 6 42 16 Maximum Alert Level . | . . . Low Security (%) 100 | 100 100 100 Level 1 . | . . . Level 2 . | . . . Level 3 . | . . . Level 4 . | . . . Level 5 . | . . . High Security . | . . . Max Security . | . . . Squads Dispatched 1 | . 1 . Investigation 1 | . 1 . Extermination . | . . . Reinforcement . | . . . Assault . | . . . Garrison . | . . . Intercept . | . . . Searches Triggered . | . . . Construction Impeded . | . . . Haulers Reinforced . | . . . Active Scanning Responses . | . . . Cargo Convoy Interrupts . | . . . Stealth | -11 -10 -10 --------- Run | Yrd Mat Min Distress Signals . | . . . Communications Jammed . | . . . Distress Signals . | . . . Times Spotted 7 | . 5 2 Peak Tracking Total 2 | . 2 2 Tactical Retreats . | . . . Traps | -11 -10 -10 ------- Run | Yrd Mat Min Traps Triggered 1 | . 1 . Indirectly . | . . . Trap Hack Attempts . | . . . Triggered . | . . . Disarmed . | . . . Reprogrammed . | . . . Reused . | . . . Traps Extracted . | . . . Installed . | . . . Triggered . | . . . Machines | -11 -10 -10 ---------- Run | Yrd Mat Min Machines Disabled . | . . . Max in Single Turn . | . . . Machines Repaired . | . . . Machines Dismantled . | . . . Machines Sabotaged . | . . . Overloaded Fab Kills . | . . . Hacking | -11 -10 -10 --------- Run | Yrd Mat Min Machines Accessed 2 | . 2 . Terminals 2 | . 2 . Fabricators . | . . . Repair Stations . | . . . Recycling Units . | . . . Scanalyzers . | . . . Garrison Access . | . . . Total Hacks 9 | . 9 . Successful 3 | . 3 . Failed 6 | . 6 . Catastrophic 1 | . 1 . Database Lockouts . | . . . Manual . | . . . Terminals 9 | . 9 . Fabricators . | . . . Repair Stations . | . . . Recycling Units . | . . . Scanalyzers . | . . . Garrison Access . | . . . Terminal Hacks 3 | . 3 . Branch Access Points 1 | . 1 . Locate Traps 2 | . 2 . Fabricator Hacks . | . . . Repair Station Hacks . | . . . Recycling Unit Hacks . | . . . Scanalyzer . | . . . Garrison Access Hacks . | . . . Unauthorized Hacks . | . . . Terminals . | . . . Fabricators . | . . . Repair Stations . | . . . Recycling Units . | . . . Scanalyzers . | . . . Garrison Access . | . . . Data Cores Recovered . | . . . Used . | . . . Hacking Detections 2 | . 2 . Full Trace Events 2 | . 2 . Feedback Events . | . . . Feedback Blocked . | . . . Robot Schematics Acquired . | . . . Robots Built . | . . . Authchips . | . . . Time . | . . . Total Robot Build Rating . | . . . Part Schematics Acquired . | . . . Parts Built . | . . . Authchips . | . . . Time . | . . . Total Part Build Rating . | . . . Parts Repaired . | . . . Time . | . . . Parts Recycled . | . . . Recycled Matter . | . . . Retrieved Matter . | . . . Retrieved Components . | . . . Parts Scanalyzed . | . . . Part Schematics Acquired . | . . . Parts Damaged . | . . . Bothacking | -11 -10 -10 ------------ Run | Yrd Mat Min Used RIF Installer . | . . . Robots Hacked . | . . . Non-combat . | . . . Combat . | . . . Robot Hacks Applied . | . . . Relay Couplers Released . | . . . Fabnet Peak Effective % . | . . . Robots Rewired . | . . . Allies Hacked . | . . . Hacks Repelled . | . . . Allies | -11 -10 -10 -------- Run | Yrd Mat Min Total Allies . | . . . Largest Group . | . . . Highest-Rated Group . | . . . Highest-Rated Ally . | . . . Total Orders . | . . . Ally Attacks . | . . . Total Damage . | . . . Kills . | . . . Allies Corrupted . | . . . Allies Melted . | . . . Intel | -11 -10 -10 ------- Run | Yrd Mat Min Robot Analysis Total . | . . . Derelict Logs Recovered . | . . . Drone Launches . | . . . Drone Recoveries . | . . . Exploration | -11 -10 -10 ------------- Run | Yrd Mat Min Turns Passed 730 | 282 361 87 Spaces Moved 438 | 154 220 64 Core 42 | 14 . 28 Treads 396 | 140 220 36 Legs . | . . . Wheels . | . . . Hover . | . . . Flight . | . . . Fastest Speed 50 | 50 160 100 Average Speed 152 | 150 160 133 Slowest Speed 160 | 160 160 160 Overloaded Moves . | . . . Propulsion Burnouts . | . . . Robots Hopped . | . . . Cave-ins Triggered 1 | . . 1 Exploration Rate (%) 20 | 6 29 27 Regions Visited 2 Branch Regions 1 Pre-discovered Areas . | . . . Known Exits Taken 1 | . 1 . Unknown Exits Taken 1 | 1 . . Scrap Searched . | . . . Spaces Dug . | . . . Terrain Destroyed . | . . . Melee . | . . . Projectile . | . . . AOE . | . . . Terrain Rammed . | . . . Walls Destroyed . | . . . Machines Disabled . | . . . Actions | -11 -10 -10 --------- Run | Yrd Mat Min Total 468 | 179 224 65 Wait . | . . . Move 436 | 153 219 64 Hop . | . . . Pick Up 7 | 6 1 . Fast Attach 6 | 6 . . Attach 2 | 1 . 1 Detach . | . . . Swap . | . . . Drop . | . . . Fire 15 | 13 2 . Melee . | . . . Ram . | . . . Kick . | . . . Crush 2 | . 2 . Escape Stasis . | . . . Rewire . | . . . Trap . | . . . Miscellaneous . | . . . Route ------- -11/Scrapyard -10/Materials (discovered 2 exits: *Min x2) -10/Mines History --------- Turn | Location | Event 5 | -11/Scrapyard | Discovered new exit (range 15) 283 | -11/Scrapyard | Entered Materials 303 | -10/Materials | Build established: Mutant 598 | -10/Materials | Identified exit to Mines 644 | -10/Materials | Entered Mines 645 | -10/Mines | Assembled infested the area 650 | -10/Mines | Assisted by a Guerilla fighting off Assembled 699 | -10/Mines | Crushed by falling debris 701 | -10/Mines | Core integrity fell below 50% 729 | -10/Mines | Core integrity fell below 20% 731 | -10/Mines | Destroyed by D-53 Grenadier with Mini Grenade Launcher Last Messages --------------- to get out of here! I've been tracking a group of Assembled to figure out where they're coming from, and they're closing on this area, come on!" D-53 Grenadier unfolds itself. 76-WQG(h) destroyed. The unstable cave ceiling collapses. U-05 Engineer builds a Wall. Lgt. Assault Rifle destroyed. U-05 Engineer lays Concrete. The unstable cave ceiling collapses. Seismic Detector destroyed. Assault Rifle destroyed. Lgt. Ion Engine destroyed. Lgt. Treads destroyed. The unstable cave ceiling collapses. Crushed by falling debris. The unstable cave ceiling collapses. Lgt. Treads destroyed. Pressure Siphon disabled. Map ----- +----------------------------------------------------+ | | | | | | | | | | | ???????????????????????????????????? | | ###?????#####?????????????????###??? | | # ###### ##??????????####?# ##?? | | # #?????????## ## #?? | | ####?##### #?? | | ### #?? | | #?? | | #?? | | #??? | | #???? | | # ##???? | | """ ##???? | | # # ### """" #???? | | #######?### """" #???? | | ##?????????## ##??? | | ##???????????## ### #??? | | ##?????????????#####?## #??? | | ##???????????????????## #??? | | #???????????????????# #??? | | ##??????????????##### ##??? | | ### ###########???## @ d ##???? | | ??# #??# #????? | | ??# #??# ##????? | | ??## #### ??# #?????? | | ??## #???????# #?????? | | ?## ##??????# ###?????? | | ## ##???????# ###???????? | | # #####????????## ##?????????? | | ## ##?????????????###???????????? | | ?## ##???????????????????????????? | | ??## #???????????????????????????? | | ???# ??????????????????????? | | ??? ?????????????????? | | ??? ###### ????????????????? | | ?? #???????? ????????????????? | | ?? ##???????????????????????????? | | ?# #????????????????????????????? | | ?## ##????????????????????????????? | | ??####?????????????????????????????? | | ???????????????????????????????????? | | ???????????????????????????????????? | | ???????????????????????????????????? | | ???????????????????????????????????? | | ???????????????????????????????????? | | ???????????????????????????????????? | +----------------------------------------------------+ Best States ------------- Heat Dissipation 25 Energy Generation 10 Energy Capacity 125 Matter Stores 300 Matter Capacity 300 Sight Range 16 Terrain Scan Density 10 Evasion (%) 40 Recoil Reduction 2 Item Schematics ----------------- None Robot Schematics ------------------ None Fabricated ------------ Nothing Alien Tech Used ----------------- None Achievements -------------- None Challenges ------------ None Game ------ Seed ParticleMultinovaImmobilizer Manual? 0 Play Time 00:05:06 Cumulative 7.1 hours Start 2024.04.05 @ 21:07:39 End 2024.04.05 @ 21:11:56 Sessions 1 Manual Loads 0 Difficulty Rogue Special Mode None Game No. 11 Rogue 11 Adventurer 0 Explorer 0 Win Type - Total 0 Types 0/0/0/0/0/0/0/0/0 Lore% 16 Gallery% 12 Achievement% 11 Wizard Run 0 Options --------- Layout 1 ASCII 0 Keyboard 1 Movement Arrows Keybinds 0 Fullscreen 1 Font 24/Proggy Map View 50x35 Zoom Use 0% Tactical HUD 0 Map Filters NONE Filters NONE Steam 1 RUN: 42cb8913-a209-4cde-810b-e5addcf812f2